 Dungeon Crawl Stone Soup version 0.19-a0-1626-g5215c36 (webtiles) character file.

82 4thArraOfDagon the Slasher (level 4, 5/34 HPs)
             Began as a Vampire Gladiator on Sept 18, 2016.
             Quit the game on level 5 of the Dungeon.
             The game lasted 00:02:53 (775 turns).

4thArraOfDagon the Slasher (Vampire Gladiator)       Turns: 775, Time: 00:02:54

Health: 5/34       AC:  9    Str: 14    XL:     4   Next: 21%
Magic:  4/4        EV:  7    Int: 10    God:
Gold:   73         SH:  0    Dex: 15    Spells: 0 memorised, 3 levels left

rFire  . . .     SeeInvis +     h - +0 dagger (venom)
rCold  . . .     Gourm    .     f - +0 chain mail
rNeg   . . .     Faith    .     (no shield)
rPois  .         Spirit   .     c - +0 helmet
rElec  .         Dismiss  .     (no cloak)
rCorr  .         Reflect  .     (no gloves)
MR     .....     Harm     .     (no boots)
Stlth  ..........               (no amulet)
                                (no ring)
                                (no ring)

@: confused, very slightly contaminated, regenerating quickly
A: fangs 3, see invisible, unbreathing
a: no special abilities


You were on level 5 of the Dungeon.
You were full.

You visited 1 branch of the dungeon, and saw 5 of its levels.

You collected 73 gold pieces.

Inventory:

Hand Weapons
 a - a +0 long sword
 h - a +0 dagger of venom (weapon)
Missiles
 d - 3 throwing nets (quivered)
Armour
 b - a +0 leather armour
 c - a +0 helmet (worn)
 f - a +0 chain mail (worn)
Wands
 j - a wand of flame (23/48)
Scrolls
 e - a scroll of remove curse
Potions
 i - 2 potions of might
Books
 l - a book of Transfigurations

   Spells                             Type                      Level
   a - Irradiate                      Conjuration/Transmutation    5
   b - Statue Form                    Transmutation/Earth          6
   c - Hydra Form                     Transmutation                6
   d - Dragon Form                    Transmutation                7


   Skills:
 + Level 2.5 Fighting
 * Level 4.1 Long Blades
 - Level 1.5 Throwing
 + Level 4.0 Dodging


You had 3 spell levels left.
You didn't know any spells.

Dungeon Overview and Level Annotations

Branches:
Dungeon (5/15)
 Temple: D:4-7

Altars:
Nemelex Xobeh
Sif Muna
The Shining One

Annotations:
D:4 Nattefrost's ghost, amateur CeHu
D:5 Blork the orc; Edmund; Sigmund; jbasstz's ghost, amateur GrFi


Innate Abilities, Weirdness & Mutations

Your natural rate of healing is unusually fast.
You have razor-sharp teeth.
You have supernaturally acute eyesight. (SInv)
You can survive without breathing.


Message History

Edmund hits you with a dire flail of holy wrath!
You convulse!
* * * LOW HITPOINT WARNING * * *
A jelly comes into view.
You bump into the rock wall.
The jelly quivers.
The orc wizard casts a spell.
The orc wizard blinks!
The orc wizard hits you but does no damage.
Unknown command.
Unknown command.
You bump into the rock wall.
Edmund hits you with a dire flail of holy wrath.
* * * LOW HITPOINT WARNING * * *
You convulse.
* * * LOW HITPOINT WARNING * * *
The orc wizard hits you but does no damage.
Unknown command.
Unknown command.
Are you sure you want to abandon this character and quit the game? (Confirm with "yes".)

. ..... ## ...... #.
.#.J.# #. ....## . #.
#....# .# #. .....### .#
#. #o.!..####.######.
#@#...............
#@#.#......###.##.
#o#.#.o$.# #..##.
#W#W..##.# #.##..
####o#.o###.####.##oo
##....#...##..#....o..
#..........##.#.#.#...
#............#.o.#...##
........................


You could see Edmund, Blork the orc, a jelly, an orc wizard, jbasstz's ghost and
an orc.

Vanquished Creatures
  A slave (D:5)
  2 hounds
  An adder (D:3)
  An ooze (D:5)
  An orc (D:3)
  A bat (D:1)
  A hobgoblin (D:3)
  2 kobolds
  2 frilled lizards
  A rat (D:1)
13 creatures vanquished.

Notes
Turn   | Place    | Note
-------+----------+-------------------------------------------
     0 | D:1      | 4thArraOfDagon the Vampire Gladiator began the quest for the Orb.
     0 | D:1      | Reached XP level 1. HP: 16/16 MP: 1/1
   132 | D:1      | You fall through a shaft!
   151 | D:2      | You fall through a shaft!
   229 | D:3      | Reached XP level 2. HP: 6/22 MP: 2/2
   371 | D:3      | Found a deep blue altar of Sif Muna.
   372 | D:3      | Found a sparkling altar of Nemelex Xobeh.
   457 | D:4      | Noticed Nattefrost's ghost (amateur CeHu)
   608 | D:4      | Reached XP level 3. HP: 20/27 MP: 3/3
   653 | D:4      | Noticed a slave
   653 | D:4      | Noticed a slave
   658 | D:4      | Found a glowing golden altar of the Shining One.
   666 | D:5      | Entered Level 5 of the Dungeon
   680 | D:5      | Killed a slave
   725 | D:5      | Reached XP level 4. HP: 22/34 MP: 4/4
   739 | D:5      | Noticed Sigmund
   739 | D:5      | Noticed Edmund
   758 | D:5      | Noticed jbasstz's ghost (amateur GrFi)
   763 | D:5      | Noticed Blork the orc
   775 | D:5      | Quit the game

Vault maps used:
D:1:      mrwooster_arrival_statue
D:2:      nicolae_ashenzari_panopticon, grunt_temple_overflow_forces_of_nature,
          roderic_serpentine_path, uniq_iyjb
D:3:      gammafunk_temple_overflow_statue
D:4:      bloody_trog, lemuel_round_altar, first_bread, uniq_menkaure,
          uniq_pikel
D:5:      uniq_sigmund, uniq_blork_the_orc, uniq_edmund

Skill      XL: |  1  2  3 |
---------------+----------+-----
Fighting       | 2 |  2.5
Long Blades    | 4 |  4.1
Dodging        | 4 |  4.0
Throwing       | |  1.5

Action                   |  1- 3 |  4- 6 || total
-------------------------+-------+-------++-------
Melee: Long sword        |    23 |       ||    23
       Bite              |     8 |       ||     8
       Dagger            |    57 |       ||    57
Throw: Throwing net      |     3 |       ||     3
  Use: Potion            |     1 |     1 ||     2
       Scroll            |       |     4 ||     4
  Eat: Corpse            |     4 |     1 ||     5
Armor: Chain mail        |    37 |     6 ||    43
       Leather armour    |     3 |       ||     3
Dodge: Dodged            |    29 |     3 ||    32
